[Event "Pro Chess League 2023"]
[Site "Chess.com"]
[Date "2023.03.01"]
[Round "3"]
[White "Carlsen, Magnus"]
[Black "Bortnyk, Olexandr"]
[Result "1-0"]
[WhiteElo "2852"]
[BlackElo "2605"]
[ECO "B04"]
[EventDate "2023.??.??"]
[Annotator "rafael"]
[PlyCount "75"]
[Beauty "7835094090246"]
[EventType "schev"]
[EventRounds "3"]
[TimeControl "300+2"]

1.e4 Nf6 2.e5 Nd5 3.d4 d6 4.Nf3 dxe5 {One of the most solid options for Black in the Alekhine Defense. Both the alternatives, 4...Bg4 and 4...g6, were played in the iconic Spassky-Fischer match.} ( 4...Bg4 ) ( 4...g6 ) 5.Nxe5 c6 {Bortnyk is an expert on this system, having played it dozens of times in online games. By the way, Carlsen has also played this a few times.} 6.Bd3 ( 6.Be2 Bf5 7.O-O Nd7 8.Nf3 e6 9.c4 N5f6 {This is the main line of the variation.} ) 6...Nd7 7.O-O ( 7.Nf3 N7f6 8.h3 Nb4 9.Bc4 Bf5 10.Na3 e6 {was equal in Adams-Carlsen Wch Blitz 2007.} ) ( 7.Nxd7 Bxd7 8.O-O g6 9.Nd2 Bg7 10.Nf3 O-O 11.Re1 Bg4 12.c3 c5 {and Black later won a nice game in Topalov-Carlsen, Morelia/Linares 2008.} ) 7...Nxe5 8.dxe5 {Both players had already faced each other in this position but in a bullet game. Bortnyk chose 8...g6, but this time he plays a move that Carlsen knows well, since he played it in his teenage years.} 8...Nb4 ( 8...g6 ) 9.Be4 Qxd1 10.Rxd1 g6 ( 10...f5 {was played by the young Carlsen.} 11.a3 $5 Na6 12.Bf3 g6 13.Nd2 Be6 14.Be2 Nc7 15.Nf3 {White has a tiny advantage and later won in Sutovsky-Carlsen, Rethymno 2003.} ) 11.Na3 {A new move.} ( 11.a3 Na6 {White hasn't been able to prove an advantage in the games played in this position.} ) 11...Bg7 12.c3 Na6 13.Nc4 {On the board we have a typical position in which the world champion feels good. Objectively, White doesn't have much, but with his magnificent endgame technique, he manages to exert pressure.} 13...O-O ( 13...Nc5 14.Bc2 Bg4 15.f3 Be6 16.Na5 Bxe5 17.Be3 Nd7 18.Nxb7 Rb8 19.Na5 Rxb2 {with a sharp but balanced position.} ) 14.Be3 Nc7 15.a4 Nd5 16.Bd4 b6 $6 {[%c_effect b6;square;b6;type;Inaccuracy;persistent;true] This is an error that will be exploited immediately. Black keeps the disadvantage to a minimum after} ( 16...Be6 17.Na5 Rab8 ) 17.a5 $1 {[%c_effect a5;square;a5;type;GreatFind;persistent;true] The bishop on d4 turns into a monster now. He will be the main piece responsible for White's victory.} 17...b5 18.Ne3 Be6 19.a6 $1 {[%c_effect a6;square;a6;type;GreatFind;persistent;true] An excellent move, fixing the a7-pawn as a target.} ( 19.Bxd5 {is another option. The game might follow:} 19...cxd5 ( 19...Bxd5 20.Nxd5 cxd5 21.Bc5 {with good winning chances.} ) 20.Bc5 ( 20.a6 {is possible in this version, too.} ) 20...Rfc8 21.Bxe7 Bxe5 22.Nxd5 {White wins a pawn, but the bishop pair offers drawing chances.} ) 19...Rfc8 20.Nxd5 Bxd5 {The best. After} ( 20...cxd5 21.Bd3 {Black is left with a bad bishop.} ) 21.Bxd5 cxd5 22.Ra3 Rc7 23.Rb3 Rb8 24.Ra1 {Black is doing what he can to defend the queenside, but now White threatens 25.Ra5, and the situation is critical.} 24...e6 $2 {[%c_effect e6;square;e6;type;Mistake;persistent;true] This loses.} ( 24...f6 $1 {[%c_effect f6;square;f6;type;GreatFind;persistent;true] is the only chance. Black desperately needs to fight against the bishop on d4. The idea is revealed after} 25.f4 ( 25.exf6 Bxf6 $1 ) 25...Kf7 26.Ra5 fxe5 27.fxe5 Ke6 $1 {[%c_effect e6;square;e6;type;GreatFind;persistent;true] Just in time for the counterplay.} ) 25.Ra5 Rc6 26.g3 $1 {[%c_effect g3;square;g3;type;GreatFind;persistent;true] Giving some breathing space for the king and preparing to collect a pawn on the queenside.} 26...Bf8 27.Bxa7 Ra8 28.Bd4 Rcxa6 29.Rxa6 Rxa6 30.Rxb5 {White is a pawn up with the b-pawn ready to roll. Against Carlsen, the position can be resigned.} 30...g5 31.Kg2 g4 32.Rb7 Bh6 33.b4 Ra3 34.b5 Rb3 35.b6 Bd2 36.Rc7 Kg7 37.b7 Bxc3 38.Bxc3 {The bishop had to move from the throne, right on the last move of the game, but for a good cause.} 1-0

[Event "Pro Chess League 2023"]
[Site "Chess.com"]
[Date "2023.03.02"]
[Round "3"]
[White "Ju, Wenjun"]
[Black "Nakamura, Hikaru"]
[Result "0-1"]
[WhiteElo "2555"]
[BlackElo "2768"]
[ECO "E16"]
[EventDate "2023.??.??"]
[Annotator "rafael"]
[PlyCount "80"]
[Beauty "7628801445900"]
[EventType "schev"]
[EventRounds "3"]
[TimeControl "600+2"]

1.d4 Nf6 2.c4 e6 3.Nf3 Bb4+ 4.Bd2 c5 $5 {[%c_effect c5;square;c5;type;Interesting;persistent;true] This is an interesting variation of the Bogo-Indian Defense, a favorite of the legendary GM Viktor Korchnoi. I played this move many times during my career, but I must admit that my results were not as good as Korchnoi's and Nakamura's, which is not so surprising, to be honest.} 5.Bxb4 cxb4 {It seems strange that Black accepts to keep doubled pawns. After all, isn't this a weakness from a strategic point of view $2 I believe that \"doubled pawns\" is one of the most misunderstood topics in chess, but this philosophical conversation needs to be continued on another occasion. As compensation, the pawn on b4 causes some discomfort in White's position, gaining space and restricting his play on the queenside. It's not surprising that in many cases White plays a2-a3 at some point, voluntarily giving up this so-called strategic advantage.} 6.g3 b6 7.Bg2 Bb7 8.O-O a5 9.Qd3 $5 {[%c_effect d3;square;d3;type;Interesting;persistent;true] A natural plan, intending to bring the knight to d2 and then playing e2-e4.} ( 9.a3 {is the most popular move.} ) 9...O-O 10.Nbd2 d6 11.e4 e5 $1 {[%c_effect e5;square;e5;type;GreatFind;persistent;true] Black needs to fight for the center.} 12.a3 {This move is probably not the most accurate.} ( 12.Rfe1 {was played in a recent and important game.} 12...Re8 13.Rad1 Nbd7 14.a3 bxa3 15.Qxa3 Qc7 {The position is more or less balanced, but White later won in Muradli-Safarli, Baku 2023.} ) ( 12.Ne1 {starts an interesting plan to improve the knight.} 12...Nc6 13.Nc2 Re8 {This was played in Postny-Romanov, Teplice 2018.} ) 12...Na6 13.Rfd1 $6 {[%c_effect d1;square;d1;type;Inaccuracy;persistent;true] I don't like this move. The e4-pawn needs protection, and the rook is more useful on e1.} ( 13.Rfe1 ) 13...Re8 14.d5 $6 {[%c_effect d5;square;d5;type;Inaccuracy;persistent;true] Another concession and now Black has a comfortable game, as the knight gets a dream square on c5.} ( 14.Qe3 ) 14...Nd7 15.a4 $6 {[%c_effect a4;square;a4;type;Inaccuracy;persistent;true] The problem with this move is that it makes Nakamura's life easier, as now he doesn't need to worry about the queenside tension.} ( 15.Bh3 {This is a classical idea, to activate or exchange bishops.} 15...Ndc5 16.Qe3 Bc8 17.Bxc8 Rxc8 18.Nh4 {Black has only a tiny advantage.} ) 15...Ndc5 16.Qe3 Bc8 $1 {[%c_effect c8;square;c8;type;GreatFind;persistent;true] The bishop has done its business and gets ready for a new role, supporting the f7-f5 advance.} 17.b3 f5 $6 {[%c_effect f5;square;f5;type;Inaccuracy;persistent;true] This move is natural, but a little rushed, as it gives White a plan. It would be more accurate to maneuver with moves like Rf8, Ra7, and maybe even f6-Rf7 before advancing.} ( 17...Rf8 ) 18.exf5 Bxf5 19.Ng5 $1 {[%c_effect g5;square;g5;type;GreatFind;persistent;true] Now the knight can jump to e4 or even e6.} 19...h6 20.Nge4 {The most circumspect, but not the only move.} ( 20.Be4 $5 {[%c_effect e4;square;e4;type;Interesting;persistent;true] is a computer move:} 20...Nxe4 21.Ngxe4 Nc5 {with a slight pressure for Black.} ) ( 20.Ne6 {is a human move:} 20...Qf6 21.Ne4 Bxe4 22.Bxe4 Nxe4 23.Qxe4 Nc5 24.Qe3 {Again Black has only a small plus.} ) 20...Rf8 21.Rf1 Ra7 $1 {[%c_effect a7;square;a7;type;GreatFind;persistent;true] I love these rook lifts $1} 22.Rae1 Raf7 23.h4 {A good move, gaining space and preparing the typical plan Kh2-Bh3.} ( 23.f4 {The computer suggests this active move, a brave decision for any human facing Nakamura.} 23...exf4 ( 23...Bxe4 24.Nxe4 exf4 25.gxf4 Nxe4 26.Bxe4 Nc5 27.Bg6 Rxf4 {This looks very good, but the machine is not impressed, claiming a draw after} ( 27...Rf6 28.f5 ) 28.Rxf4 Qg5+ 29.Qg3 Qxf4 30.Qxf4 Rxf4 31.Re8+ Rf8 32.Re3 ) 24.Rxf4 Bg6 {with a slight advantage for Black.} ) 23...Nb7 {Nakamura probably didn't see a meaningful plan for now and started to shuffle the knight a little bit, since the position is closed and he is allowed to maneuver.} 24.Kh2 Nac5 25.Re2 Nd7 26.Bh3 $1 {[%c_effect h3;square;h3;type;GreatFind;persistent;true] Taking the chance to exchange bishops, which improves White's position. On the other hand, this exchange will be responsible for the defeat later on, as it weakens the f3-square, but to criticize this move because of an error that occurs four moves later would be unfair.} 26...Bxh3 27.Kxh3 Nf6 28.Nxf6+ ( 28.f3 {is also possible.} ) 28...Rxf6 29.Kg2 Nc5 30.Ne4 $2 {[%c_effect e4;square;e4;type;Mistake;persistent;true] A blunder, losing immediately.} ( 30.f3 {is a solid move. Everything is protected, and the game is roughly equal.} ) 30...Rf3 $1 {[%c_effect f3;square;f3;type;GreatFind;persistent;true] Nakamura rarely misses tactical chances.} 31.Qxf3 Rxf3 32.Kxf3 Nxb3 {This is the problem. The b3-pawn falls, and it's the base of White's pawn chain, and the next victims are c4 or a4.} 33.Kg2 Qc7 34.Rc2 Nc5 35.Nxc5 Qxc5 36.Rb1 ( 36.Rd1 b3 37.Rcc1 Qb4 $19 ) 36...Qd4 {The queen invades.} 37.Kh2 Qd3 38.Rbb2 Kf7 39.Kg2 Kf6 40.Rc1 Qa3 {The a4-pawn falls, and further resistance is futile.} 0-1

[Event "Pro Chess League 2023"]
[Site "Chess.com"]
[Date "2023.03.03"]
[Round "3"]
[White "Foisor, Sabina Francesca"]
[Black "Ghosh, Diptayan"]
[Result "0-1"]
[WhiteElo "2185"]
[BlackElo "2553"]
[ECO "D05"]
[EventDate "2023.??.??"]
[PlyCount "74"]
[Beauty "7839389064223"]
[EventType "schev"]
[EventRounds "3"]
[TimeControl "600+2"]

1.d4 Nf6 2.Nf3 d5 3.e3 e6 4.Bd3 Be7 5.b3 b6 6.Bb2 Bb7 7.Nbd2 Nbd7 8.O-O O-O 9.Ne5 c5 10.f4 Qc7 11.Qf3 c4 12.Nxd7 Qxd7 13.Be2 c3 14.Bxc3 Rac8 15.Nb1 Ne4 16.Be1 Rxc2 17.Bd3 Rc1 18.Bd2 Rxf1+ 19.Qxf1 Rc8 20.Bxe4 dxe4 21.Nc3 Ba3 22.Rb1 a5 23.Be1 h6 24.h3 Rc6 25.Rd1 Qc8 $1 {[%c_effect c8;square;c8;type;GreatFind;persistent;true] Pressing on the c3-knight, which blocks the black rook from entering the white position down the c-file. Black is happy to give up the e4-pawn to break through with the rook and open the a8-h1 diagonal for his fianchettoed bishop.} 26.Nxe4 Rc2 27.Nd2 Rxa2 28.Bf2 Qc2 29.e4 Bb4 {Every black piece adds to the pressure on White's center, queenside, kingside, and second rank.} 30.Nc4 Qxe4 {The queen and light-squared bishop eye the white kingside with delight.} 31.Nxb6 Qxf4 32.d5 Bd6 {Now the dark-squared bishop joins the black queen's mischievous kingside intentions.} 33.g3 Qf3 34.Rd3 Qe4 35.Re3 Qf5 36.dxe6 fxe6 37.Nc4 Qd5 {The black queen returns to the h1-a8 diagonal, this time with fatal effects for the white king.} ( 37...Qd5 38.Kh2 Rxf2+ 39.Qxf2 Qh1# ) 0-1

[Event "Pro Chess League 2023"]
[Site "Chess.com"]
[Date "2023.03.08"]
[Round "4"]
[White "Supi, Luis Paulo"]
[Black "Lagno, Kateryna"]
[Result "0-1"]
[WhiteElo "2608"]
[BlackElo "2560"]
[ECO "D35"]
[EventDate "2023.??.??"]
[Annotator "rafael"]
[PlyCount "72"]
[Beauty "7908108545618"]
[EventType "schev"]
[EventRounds "3"]
[TimeControl "600+2"]

1.d4 Nf6 2.c4 e6 3.Nc3 d5 4.cxd5 exd5 5.Bg5 Be7 6.e3 O-O 7.Bd3 Re8 8.Nge2 {Developing the knight on e2 was Kasparov's favorite plan in these positions. It can't be too bad.} 8...c6 9.O-O a5 $5 {[%c_effect a5;square;a5;type;Interesting;persistent;true] The Orthodox Defense is Black's most traditional choice against the Queen's Pawn, played by almost all the greatest chess players in history. Naturally, its theory has undergone a great deal of evolution during all these years. Computers are also playing their part in this process: many new plans are being tested, far beyond the traditional Nbd7-f8, which was automatic in this type of position. In this modern version, tested by Lagno in this game and tried earlier by GM Dubov, the knight seeks an alternative route via a6.} 10.Rc1 {It's not clear to me that this is the best square for the rook. If White is going to try the plan with f3-e4, then the rook might be more useful on d1 or e1.} ( 10.Qc2 g6 11.Rad1 Na6 12.a3 Nc7 13.f3 Ne6 14.Bh4 b5 $1 {[%c_effect b5;square;b5;type;GreatFind;persistent;true] The pawn advance on the queenside is an active and interesting attempt for Black. It was played in Bluebaum-Dubov, Wch Blitz Almaty 2022.} ) ( 10.f3 {is a natural and critical move.} 10...h6 11.Bh4 Na6 12.Kh1 {White had a slight advantage in Milikow-Olenik Campa, Terme Catez 2022.} ) 10...Na6 11.h3 Nc7 12.Bf4 {A new move.} ( 12.Qc2 g6 13.Bf4 Ne6 14.Be5 Bd6 15.Bxd6 ( 15.f4 $1 {[%c_effect f4;square;f4;type;GreatFind;persistent;true] is a better attempt.} ) 15...Qxd6 {with an equal position in Rakhmanov-Dubov, Cheboksary 2022.} ) 12...Bd6 13.Na4 Ne6 14.Be5 $5 ( 14.Bxd6 Qxd6 15.Nb6 Ra7 {Followed by 16...Qd8 and White has only a tiny advantage.} ) 14...Bxe5 {The critical move, capturing the bishop before White can play f2-f4.} ( 14...g6 $5 {[%c_effect g6;square;g6;type;Interesting;persistent;true] This is a good prophylactic move. If now} 15.f4 {Black can play} 15...Ng7 $1 {[%c_effect g7;square;g7;type;GreatFind;persistent;true] Controlling the advance of the f-pawn.} ) 15.dxe5 Nd7 16.f4 b5 $1 17.Nac3 Qb6 18.Rf3 ( 18.Qd2 {is also possible.} ) 18...f6 $1 {[%c_effect f6;square;f6;type;GreatFind;persistent;true] Necessary to create counterplay. This is a critical position.} 19.exf6 $6 ( 19.Qc2 $1 {[%c_effect c2;square;c2;type;GreatFind;persistent;true] gives White the initiative. The idea is:} 19...Nef8 20.e6 $1 {[%c_effect e6;square;e6;type;GreatFind;persistent;true] Maybe Supi missed this nice and difficult move.} 20...Rxe6 21.Nd4 Re8 22.Bxb5 $1 cxb5 23.Nxd5 Qb8 24.Nc7 {White will regain some material and has a strong attack.} ) 19...Nxf6 20.Kh1 Bb7 {Now the initiative is in Black's hands.} 21.Nd4 $6 ( 21.Ng3 ) 21...c5 $6 {[%c_effect c5;square;c5;type;Inaccuracy;persistent;true] A bold sacrifice, but it isn't necessary.} ( 21...Kh8 $1 {[%c_effect h8;square;h8;type;GreatFind;persistent;true] is more accurate, threatening to capture on d4.} ) ( 21...Nxd4 22.exd4 Qxd4 $4 23.Bxh7+ ) 22.Ndxb5 d4 23.Na4 Qd8 24.Rg3 dxe3 ( 24...Ne4 {is not enough.} 25.Bxe4 Bxe4 26.Nxc5 {Black has no compensation for the material deficit.} ) ( 24...Kh8 $5 25.Nxc5 Nxc5 26.Rxc5 Rxe3 27.Rxe3 dxe3 {Black has good compensation for the pawn in this complicated position.} ) 25.Rxe3 $2 {[%c_effect e3;square;e3;type;Mistake;persistent;true] This move loses.} ( 25.Nd6 $1 {[%c_effect d6;square;d6;type;GreatFind;persistent;true] Gives White the advantage.} 25...Qc7 ( 25...Nxf4 $2 26.Bc4+ Bd5 27.Nxe8 Qxe8 28.Qf3 {Black's position collapses.} ) ( 25...Qxd6 $2 26.Bxh7+ ) 26.Nxb7 {There are other promising moves as well.} 26...Qxb7 27.Rxe3 Nxf4 28.Bc4+ Kh8 29.Qf3 Qxf3 30.Rxf3 {with a clear advantage for White in the endgame.} ) 25...Bxg2+ $1 26.Kxg2 ( 26.Kg1 Nxf4 $19 ) ( 26.Kh2 Nxf4 $19 ) 26...Nxf4+ 27.Kf2 Rxe3 28.Bc4+ ( 28.Kxe3 {There are several ways of winning after this move. The most natural is:} 28...N6d5+ 29.Kf3 Nxd3 30.Qxd3 Qf6+ 31.Kg3 ( 31.Kg2 Nf4+ {wins the queen.} ) 31...Qf4+ 32.Kg2 Ne3+ {with a decisive attack.} ) 28...N6d5 {The rest is simple. Black has a material advantage and a monster attack.} 29.Qg4 Qf6 30.Nac3 Nd3+ 31.Kg2 Qf2+ 32.Kh1 Nxc1 33.Bxd5+ Kh8 34.Bg2 ( 34.Bxa8 Re1+ ) 34...Re1+ 35.Kh2 Qg1+ 36.Kg3 Re3+ 0-1